 Dungeon Crawl Stone Soup version 0.31-a0-656-gb4d89c20fa (webtiles) character file.

Game seed: 4090115799183167840

2885 demibob the Carver (level 9, -5/61 HPs)
             Began as a Demonspawn Gladiator on Aug 30, 2023.
             Was a Believer of Qazlal.
             Slain by a troll (6 damage)
             ... on level 7 of the Dungeon.
             The game lasted 00:08:15 (6156 turns).

demibob the Carver (Demonspawn Gladiator)           Turns: 6156, Time: 00:08:17

Health: -5/61      AC: 12    Str: 16    XL:     9   Next: 48%
Magic:  9/9        EV: 20    Int: 10    God:    Qazlal [**....]
Gold:   1630       SH:  2    Dex: 17    Spells: 8/8 levels left

rFire   . . .        a - +1 long sword
rCold   . . .        (no shield)
rNeg    . . .        l - +0 scale mail
rPois   .            c - +1 helmet
rElec   .            (no cloak)
rCorr   .            (no gloves)
SInv    .            (no boots)
Will    .....        (no amulet) Stlth
                     E - +5 ring of evasion
HPRegen 0.30/turn    e - +5 ring of evasion
MPRegen 0.11/turn

%: no passive effects
@: brilliant
A: hooves 2, yellow scales 1, ignite blood 1, spiny 2
a: Renounce Religion, Upheaval


You were on level 7 of the Dungeon.
You worshipped Qazlal.
Qazlal was pleased with you.
You visited 1 branch of the dungeon, and saw 7 of its levels.

You collected 1630 gold pieces.


Innate Abilities, Weirdness & Mutations

You have hoof-like feet.
You are partially covered in yellow scales. (AC +2)
Your demonic aura sometimes causes spilled blood to erupt in flames.
You are mostly covered in sharp spines.


   Skills:
 - Level 2.0 Fighting
 + Level 10.5 Long Blades
 - Level 1.7 Throwing
 + Level 6.4 Armour
 - Level 2.6 Dodging


You had 8 spell levels left.
You didn't know any spells.
Your spell library contained the following spells:

 Spells                   Type           Power      Damage    Failure   Level
 Apportation              Tloc           0%         N/A       77%         1
 Necrotise                Necr           0%         1d4       77%         1
 Summon Small Mammal      Summ           0%         N/A       77%         1

Inventory:

Hand Weapons
 a - a +1 long sword (weapon)
Missiles
 d - 3 throwing nets (quivered) {=f}
 u - a javelin
Armour
 c - a +1 helmet (worn)
 l - a +0 scale mail (worn)
Jewellery
 e - a +5 ring of evasion (right hand)
 E - a +5 ring of evasion (left hand)
Wands
 r - a wand of flame (5)
Scrolls
 b - a scroll of torment
 f - 3 scrolls of enchant weapon
 p - 6 scrolls of teleportation {@r2}
 s - a scroll of vulnerability
 t - a scroll of enchant armour
Potions
 g - a potion of magic
 h - 3 potions of enlightenment
 i - 2 potions of attraction
 n - a potion of might
 o - a potion of lignification

Dungeon Overview and Level Annotations

Branches:
Dungeon (7/15)             Temple (0/1) D:7

Altars:
Fedhas
Hepliaklqana
Nemelex Xobeh
Qazlal

#†##..####....#
#...#.## #T##..#
#####.... #......#
#.##..# .... #......#
#o##..# .... ###....#
#o##..#. ### #....#
#####.##..#.####
#....#
..........#.....######
.......
#####.##.###.........#
####.### #.##.#
#....@☼...# . #.#
#.##[# #...OT)..:##.#
#.#
#.##.######.........#
#.##g@..###.........#
..##Dg..')).........$
#####...###.........#
#...# #.........#
#...# #.........#
#...# #.........#


You could see a troll and an ogre.


Message History

Okay, then.
You slash the troll! Your kick misses the troll.
The troll is heavily wounded.
The orc hits you with a +0 mace.
* * * LOW HITPOINT WARNING * * *
You hit the troll. You kick the troll!
The troll is severely wounded.
The troll bites you.
* * * LOW HITPOINT WARNING * * *
The troll claws you!
* * * LOW HITPOINT WARNING * * *
The troll completely misses you.
You hit the troll.
The troll is almost dead.
The orc is struck by your spines. The orc hits you but does no damage.
The troll closely misses you. The troll misses you.
The troll barely misses you.
You hit the troll. Your kick misses the troll.
The troll is almost dead.
The ogre is struck by your spines. The ogre barely misses you.
The orc barely misses you. The troll closely misses you. x2
You block the troll's attack.
Unknown command.
You completely miss the troll. You kick the troll, but do no damage.
The troll is almost dead.
The orc is struck by your spines.
You kill the orc!
Qazlal accepts your kill. The troll is struck by your spines.
The troll bites you.
You die...

Skill      XL: |  1  2  3  4  5  6  7  8  9 |
---------------+----------------------------+-----
Long Blades    | 3 4 5 6 7 8 9 10 | 10.5
Armour         | 2 5 6 |  6.4
Fighting       | |  2.0
Throwing       | |  1.7
Dodging        | |  2.6

Action                     |  1- 3 |  4- 6 |  7- 9 || total
---------------------------+-------+-------+-------++-------
  Melee: Long sword        |    80 |    93 |   161 ||   334
         Kick              |       |    26 |    56 ||    82
         Punch             |       |     1 |       ||     1
  Throw: Throwing net      |       |     2 |       ||     2
  Evoke: Wand              |       |     1 |     3 ||     4
    Use: Scroll            |     5 |     7 |     6 ||    18
         Potion            |       |       |     5 ||     5
   Stab: Sleeping          |     1 |       |     1 ||     2
 Armour: Leather armour    |    22 |    16 |     3 ||    41
         Scale mail        |       |       |    35 ||    35
  Dodge: Dodged            |    53 |    81 |   171 ||   305
  Block: Other             |       |       |    12 ||    12

Levels and vault maps discovered:
D:1:      minmay_arrival_shoal_huts, layout_rooms
D:2:      layout_loops_corners, minmay_fractal_squares_gapless_5
D:3:      layout_basic, mainiacjoe_overflow_tiny_flanked, fedhas_altar_2
D:4:      layout_loops_ring, good_gods_temple_1, serial_bayou,
          serial_bayou_lagoon_a, serial_bayou_pond_a, serial_bayou_pond_d,
          serial_bayou_pond_b, serial_bayou_shore_b, serial_bayou_pond_d
D:5:      layout_loops_corners, nemelex_spade_bored_becter
D:6:      layout_basic, mainiacjoe_overflow_six_doors_small
D:7:      minmay_the_grid_octo_triangle [minmay_the_grid_octo_empty,
          minmay_the_grid_octo_prize_ultimate_mussel_roller,
          minmay_the_grid_octo_chip], layout_basic,
          minmay_temple_entry_glassed_door, uniq_joseph

Notes
Turn   | Place    | Note
-------+----------+-------------------------------------------
     0 | D:1      | demibob the Demonspawn Gladiator began the quest for the
                  | Orb.
     0 | D:1      | Reached XP level 1. HP: 16/16 MP: 1/1
    48 | D:1      | Reached skill level 3 in Long Blades
    74 | D:1      | Gained mutation: You are partially covered in sharp spines.
                  | [demonic ancestry]
    74 | D:1      | Reached XP level 2. HP: 22/22 MP: 2/2
   621 | D:2      | Reached XP level 3. HP: 27/27 MP: 3/3
   652 | D:2      | Identified the +3 ring mail of Dramatic Exits {*Slow rF+
                  | Str+4}
   779 | D:2      | Reached skill level 4 in Long Blades
  1381 | D:2      | Identified a scroll of acquirement
  1381 | D:2      | Acquired 1287 gold pieces
  1492 | D:3      | Gained mutation: You have large cloven feet. [demonic
                  | ancestry]
  1492 | D:3      | Reached XP level 4. HP: 33/33 MP: 4/4
  1551 | D:3      | Found a stormy altar of Qazlal.
  1884 | D:3      | Found a blossoming altar of Fedhas.
  1961 | D:3      | Reached skill level 5 in Long Blades
  2230 | D:3      | Became a worshipper of Qazlal Stormbringer
  2359 | D:4      | Gained mutation: You have hoof-like feet. [demonic
                  | ancestry]
  2359 | D:4      | Reached XP level 5. HP: 37/38 MP: 5/5
  2427 | D:4      | Identified the +8 flail "Vomaduip" {protect, rElec Int+2}
  3209 | D:5      | Entered Level 5 of the Dungeon
  3209 | D:5      | Noticed an ice beast
  3218 | D:5      | Killed an ice beast
  3219 | D:5      | Reached skill level 6 in Long Blades
  3219 | D:5      | Gained mutation: You are mostly covered in sharp spines.
                  | [demonic ancestry]
  3219 | D:5      | Reached XP level 6. HP: 44/44 MP: 6/6
  3482 | D:5      | Found a sparkling altar of Nemelex Xobeh.
  3528 | D:5      | Reached skill level 7 in Long Blades
  3558 | D:5      | Gained mutation: Your demonic aura sometimes causes spilled
                  | blood to erupt in flames. [demonic ancestry]
  3558 | D:5      | Reached XP level 7. HP: 50/50 MP: 7/7
  3980 | D:5      | Reached * piety under Qazlal
  3997 | D:5      | Reached skill level 8 in Long Blades
  4641 | D:6      | Reached skill level 1 in Armour
  4680 | D:6      | Identified the +3 spear of Duty {heavy, rPois rC++ Int-3
                  | Dex+3}
  4688 | D:6      | Reached skill level 2 in Armour
  4691 | D:6      | Gained mutation: You are partially covered in yellow
                  | scales. (AC +2) [demonic ancestry]
  4691 | D:6      | Reached XP level 8. HP: 48/56 MP: 8/8
  4736 | D:6      | Reached skill level 3 in Armour
  4804 | D:6      | Reached skill level 9 in Long Blades
  4811 | D:6      | Found a hazy altar of Hepliaklqana.
  4938 | D:6      | Reached skill level 4 in Armour
  5301 | D:7      | Found a staircase to the Ecumenical Temple.
  5576 | D:7      | Reached ** piety under Qazlal
  5592 | D:7      | Reached skill level 5 in Armour
  5592 | D:7      | Reached XP level 9. HP: 61/61 MP: 9/9
  5626 | D:7      | Noticed Joseph
  5651 | D:7      | Reached skill level 10 in Long Blades
  5844 | D:7      | Noticed a troll
  6137 | D:6      | Killed Joseph
  6138 | D:6      | Reached skill level 6 in Armour
  6146 | D:7      | Noticed a troll
  6153 | D:7      | HP: 1/61 [troll (7)]
  6156 | D:7      | Slain by a troll

Vanquished Creatures
  Joseph (D:6)
  3 steam dragons
  2 water moccasins
  4 ice beasts
  3 black bears
  An orc warrior (D:6)
  An ogre (D:5)
  A centaur (D:5)
  A phantom (D:6)
  A bullfrog (D:6)
  A scorpion (D:6)
  2 gnoll sergeants
  A howler monkey (D:6)
  4 jellies
  2 orc priests
  3 hounds
  3 sleepcaps
  An iguana (D:5)
  3 orc wizards
  6 adders
  11 gnolls
  2 white imps (D:6)
  2 dart slugs
  18 orcs
  7 endoplasms
  5 giant cockroaches
  7 hobgoblins
  8 jackals
  3 quokkas
  5 ball pythons
  5 bats
  3 frilled lizards
  8 goblins
  4 kobolds
  6 rats
138 creatures vanquished.

Vanquished Creatures (others)
  A gnoll (D:7)
1 creature vanquished.

Grand Total: 139 creatures vanquished

Table legend: (Time is in decaauts)
 A = Elapsed time spent in this place.
 B = Non-inter-level travel time spent in this place.
 C = Inter-level travel time spent in this place.
 D = Time resting spent in this place.
 E = Time spent auto-exploring this place.
 F = Levels seen in this place.
 G = Mean time per level.
                   A        B        C        D        E       F      G
               +--------+--------+--------+--------+--------+-----+--------+
         Total |   6204 |   5985 |    219 |    833 |   4296 |   7 |  886.3 |
       Dungeon |   6204 |   5985 |    219 |    833 |   4296 |   7 |  886.3 |
               +--------+--------+--------+--------+--------+-----+--------+

Top non-repeatable levels by time:
     D:5: 1414 daAuts
     D:6: 1117 daAuts
     D:4: 981 daAuts
     D:2: 954 daAuts
     D:3: 852 daAuts
     D:1: 467 daAuts
     D:7: 416 daAuts

Table legend:
 A = Non-vault XP
 B = Vault XP
 C = Vault XP percentage of total XP
 D = Non-vault monster count
 E = Vault monster count
 F = Vault count percentage of total count
                 A         B        C        D         E       F
            +---------+---------+-------+---------+---------+-------
      Total |    3345 |     780 |  18.9 |     130 |       8 |   5.8
            +---------+---------+-------+---------+---------+-------
        D:1 |      33 |       0 |   0.0 |      20 |       0 |   0.0
        D:2 |      50 |       4 |   7.4 |      21 |       2 |   8.7
        D:3 |      78 |       0 |   0.0 |      16 |       0 |   0.0
        D:4 |      82 |       3 |   3.5 |      10 |       2 |  16.7
        D:5 |     842 |       0 |   0.0 |      25 |       0 |   0.0
        D:6 |    1609 |     502 |  23.8 |      24 |       1 |   4.0
        D:7 |     651 |     271 |  29.4 |      14 |       3 |  17.6
            +---------+---------+-------+---------+---------+-------
